 Dungeon Crawl Stone Soup version 0.28-a0-21-gf74fda84f9 (webtiles) character file.

Game seed: 8149050796187924930

567 avis the Insei (level 7, -2/46 HPs)
             Began as an Octopode Transmuter on July 26, 2021.
             Slain by a vampire (7 damage)
             ... on level 5 of the Dungeon on July 27, 2021.
             The game lasted 00:27:27 (5028 turns).

avis the Insei (Octopode Transmuter)                Turns: 5028, Time: 00:27:27

Health: -2/46      AC:  6    Str: 17    XL:     7   Next: 33%
Magic:  9/11       EV: 19    Int: 16    God:
Gold:   182        SH:  0    Dex: 17    Spells: 4/12 levels left

rFire   + . .      SeeInvis .     - Unarmed
rCold   . . .      Faith    .   (shield currently unavailable)
rNeg    . . .      Spirit   .   (helmet currently unavailable)
rPois   x          Reflect  .   l - amulet of the acrobat
rElec   .          Harm     .   s - ring of resist corrosion
rCorr   +          Rampage  .   t - ring of protection from fire
Will    .....                   u - +6 ring of strength
Stlth   ++........              I - +4 ring of protection
HPRegen 0.15/turn               (no ring)
MPRegen 0.12/turn               (no ring)
                                (no ring)
                                (no ring)

@: spider-form (expiring)
A: venomous fangs, almost no armour, (amphibious), 8 rings, tiny, (camouflage
1), (gelatinous body 1), (nimble swimmer 1), (tentacles)
a: End Transformation


You were on level 5 of the Dungeon.
You were a venomous arachnid creature.
You visited 1 branch of the dungeon, and saw 5 of its levels.
You also visited: Ossuary.

You collected 182 gold pieces.

Inventory:

Hand Weapons
 b - a +0 short sword
 f - a +1 dagger of draining (melded)
 o - a +0 flail of protection
 H - a +0 hunting sling
 K - a +0 hunting sling
Missiles
 a - 5 silver boomerangs (quivered)
 c - 34 arrows
 j - 47 stones
 m - 38 poisoned darts
 w - 4 boomerangs of dispersal
 J - 3 throwing nets
Jewellery
 l - an amulet of the acrobat (around neck)
 s - a ring of resist corrosion (left front leg)
 t - a ring of protection from fire (right front leg)
 u - a +6 ring of strength (on tentacle)
 I - a +4 ring of protection (on tentacle)
Wands
 z - a wand of polymorph (5)
Scrolls
 d - 2 scrolls of enchant armour {unknown}
 g - 3 scrolls of amnesia {unknown}
 h - 7 scrolls of identify {unknown}
 k - 2 scrolls of holy word {unknown}
 n - a scroll of brand weapon {unknown}
 v - 3 scrolls of magic mapping {unknown}
 y - 2 scrolls of teleportation {unknown}
 A - a scroll of fear {unknown}
 G - a scroll of acquirement {unknown}
Potions
 e - 2 potions of haste {unknown}
 i - 2 potions of flight {unknown}
 p - 2 potions of invisibility {unknown}
 q - 2 potions of might {unknown}
 r - a potion of heal wounds {unknown}
 x - 3 potions of brilliance {unknown}
 B - 2 potions of curing {unknown}
 C - 2 potions of ambrosia {unknown}
 D - a potion of magic {unknown}
 E - 3 potions of mutation {unknown}
 F - a potion of berserk rage {unknown}


   Skills:
 - Level 3.0 Fighting
 - Level 2.0 Dodging
 - Level 2.0 Stealth
 - Level 5.0 Unarmed Combat
 - Level 3.0 Spellcasting
 * Level 4.8 Transmutations
 - Level 2.0 Poison Magic


You had 4 spell levels left.
You knew the following spells:

 Your Spells              Type           Power      Damage    Failure   Level
a - Beastly Appendage     Tmut           34%        N/A       10%         1
p - Spider Form           Tmut/Pois      6%         N/A       32%         3
q - Ice Form              Ice/Tmut       10%        N/A       77%         4

Your spell library contained the following spells:

 Spells                   Type           Power      Damage    Failure   Level
 Wereblood                Tmut           17%        N/A       12%         2
 Poisonous Vapours        Pois/Air       10%        N/A       38%         2
 Mephitic Cloud           Conj/Pois/Air  4%         N/A       63%         3
 Gell's Gravitas          Tloc           1%         N/A       71%         3
 Lesser Beckoning         Tloc           1%         N/A       71%         3
 Teleport Other           Tloc           2%         N/A       71%         3
 Freezing Cloud           Conj/Ice/Air   1%         6-21      100%        5
 Dispersal                Tloc           1%         N/A       100%        6


Dungeon Overview and Level Annotations

Branches:
Dungeon (5/15)            Ossuary (visited)
 Temple: D:4-7

Altars:
Elyvilon
Vehumet

Annotations:
D:5 Eustachio


Innate Abilities, Weirdness & Mutations

You are a venomous arachnid creature.
You have poisonous fangs.
You are tiny and dextrous.
Your spellcasting is less reliable in this form.
Your armour is entirely melded.
You are incapable of wielding weapons or throwing items.
You cannot wear most types of armour.
((You are amphibious.))
You can wear up to eight rings at the same time.
((Your skin changes colour to match your surroundings (Stealth+).))
((Your rubbery body absorbs attacks. (AC +1, EV +1)))
((You are camouflaged near water. (Stealth+)))
((You have tentacles for arms and can constrict up to eight enemies at once.))


Message History

There is an open door here.
A vampire comes into view.
Casting: Spider Form (dangerous; 14% risk of failure)
Confirm with . or Enter, or press ? or * to list all spells.
You turn into a venomous arachnid creature.
Your +1 dagger of draining melds into your body.
You hit the vampire but do no damage. The vampire misses you.
The vampire closely misses you.
You bite the vampire!
The vampire is moderately damaged.
The vampire misses you. The vampire closely misses you.
You hit the vampire.
The vampire is moderately damaged.
The vampire completely misses you. The vampire barely misses you.
You hit the vampire.
The vampire is heavily damaged.
The vampire misses you. The vampire barely misses you.
You hit the vampire but do no damage.
The vampire is heavily damaged.
The vampire barely misses you. The vampire misses you.
You hit the vampire.
The vampire is severely damaged.
The vampire draws life force from you!!
The vampire is healed by the life force!
You hit the vampire.
The vampire is moderately damaged.
The vampire hits you. The vampire misses you.
You barely miss the vampire.
The vampire is moderately damaged.
The vampire gestures wildly while chanting.
The vampire flickers and vanishes!
Deactivating autopickup; reactivate with Ctrl-A.
You closely miss something.
Your transformation is almost over.
You hit something but do no damage. Something hits you.
Something closely misses you.
You completely miss something. Something hits you!
* * * LOW HITPOINT WARNING * * *
Something bites you!
You die...

###.#.#.##.....#.#
#.
....#...##.....#.#
##
....####...)...#.#
).)....'.......#.#
....####.......#.#
##### ##......#.#
#.##...#.# #.#
...#.## #.#
#..#s.+ #.# ..#{##
..# ..#.. ...#
...# ..... ....#
.....#


There were no monsters in sight!

Vanquished Creatures
  2 water moccasin zombies
  A water moccasin skeleton (D:5)
  2 hounds
  A scorpion zombie (D:5)
  2 mummies (Ossuary)
  A hound skeleton (D:4)
  13 gnolls
  5 adders
  An adder skeleton (D:4)
  An adder zombie (Ossuary)
  3 dart slugs
  2 orcs
  A bat (D:2)
  4 endoplasms
  2 giant cockroaches
  A gnoll zombie (Ossuary)
  6 hobgoblins
  14 jackals
  6 quokkas
  7 ball pythons
  4 frilled lizards
  3 goblins
  4 hobgoblin zombies (Ossuary)
  7 kobolds
  5 kobold zombies (Ossuary)
  5 orc zombies (Ossuary)
  6 rats
109 creatures vanquished.

Notes
Turn   | Place    | Note
-------+----------+-------------------------------------------
     0 | D:1      | avis the Octopode Transmuter began the quest for the Orb.
     0 | D:1      | Reached XP level 1. HP: 13/13 MP: 3/3
   134 | D:1      | Reached skill level 1 in Stealth
   212 | D:1      | Reached XP level 2. HP: 17/18 MP: 5/5
   438 | D:1      | Found a faded altar of an unknown god.
   719 | D:2      | Reached skill level 1 in Poison Magic
   719 | D:2      | Reached XP level 3. HP: 23/23 MP: 4/6
   846 | D:1      | Learned a level 3 spell: Spider Form
   913 | D:2      | Reached XP level 4. HP: 12/29 MP: 1/7
  1519 | D:3      | Found a radiant altar of Vehumet.
  1985 | D:3      | Reached XP level 5. HP: 29/34 MP: 5/8
  2056 | D:3      | Reached skill level 4 in Unarmed Combat
  3105 | D:4      | Found a sand-covered staircase.
  3116 | Ossuary  | Entered an ossuary
  3133 | Ossuary  | Reached skill level 5 in Unarmed Combat
  3181 | Ossuary  | HP: 1/34 [water moccasin zombie (6)]
  3184 | Ossuary  | Reached XP level 6. HP: 2/39 MP: 3/9
  3690 | Ossuary  | Learned a level 4 spell: Ice Form
  4016 | D:4      | Found a white marble altar of Elyvilon.
  4291 | D:4      | Upgraded the game from 0.28-a0-10-g964c8b829e to
                  | 0.28-a0-21-gf74fda84f9
  4370 | D:5      | Entered Level 5 of the Dungeon
  4481 | D:5      | Reached XP level 7. HP: 39/46 MP: 7/11
  4542 | D:5      | Noticed Eustachio
  5014 | D:5      | Noticed a vampire
  5028 | D:5      | Slain by a vampire

Illustrated notes

Levels and vault maps discovered:
D:1:      ncdulo_wetmaze, layout_rooms, hellmonk_ecumenical_altar_crossroads
D:2:      layout_basic, serial_glass, glass_columns_c, glass_columns_a,
          glass_columns_c, glass_columns_b, glass_columns_c, glass_columns_a,
          glass_columns_c, glass_columns_b
D:3:      layout_basic, mainiacjoe_overflow_small_starburst
D:4:      layout_cave_pools, elyvilon_altar_3, nicolae_ossuary_entry_monument,
          minmay_tree_intersection, minmay_misc_feat_rugged
D:5:      layout_basic, dancing_weapons_uskayaw, uniq_eustachio

Skill      XL: |  1  2  3  4  5  6  7 |
---------------+----------------------+-----
Stealth        | 1 2 |  2.0
Transmutations | 3 4 |  4.8
Poison Magic   | 1 2 |  2.0
Fighting       | 2 3 |  3.0
Unarmed Combat | 5 |  5.0
Spellcasting   | 3 |  3.0
Dodging        | |  2.0

Action                   |  1- 3 |  4- 6 |  7- 9 || total
-------------------------+-------+-------+-------++-------
Melee: Dagger            |    20 |    80 |       ||   100
       Constrict         |     4 |    27 |       ||    31
       Unarmed           |    13 |   137 |    40 ||   190
       Tentacles         |     1 |     7 |       ||     8
       Short sword       |     1 |       |       ||     1
       Kick              |     2 |    23 |       ||    25
       Punch             |       |     4 |       ||     4
Throw: Boomerang         |    33 |       |       ||    33
 Cast: Beastly Appendage |    12 |    23 |       ||    35
       Spider Form       |     2 |    22 |     7 ||    31
 Stab: Sleeping          |     1 |    14 |       ||    15
Armor: Skin              |       |    10 |     2 ||    12
Dodge: Dodged            |    21 |   154 |    38 ||   213

Table legend: (Time is in decaauts)
 A = Elapsed time spent in this place.
 B = Non-inter-level travel time spent in this place.
 C = Inter-level travel time spent in this place.
 D = Time resting spent in this place.
 E = Time spent auto-exploring this place.
 F = Levels seen in this place.
 G = Mean time per level.
                   A        B        C        D        E       F      G
               +--------+--------+--------+--------+--------+-----+--------+
         Total |   5028 |   4712 |    316 |   1852 |   1474 |   6 |  838.0 |
       Dungeon |   4450 |   4134 |    316 |   1460 |   1474 |   5 |  890.0 |
       Ossuary |    578 |    578 |      0 |    392 |      0 |   1 |  578.0 |
               +--------+--------+--------+--------+--------+-----+--------+

Top non-repeatable levels by time:
     D:3: 1302 daAuts
     D:2: 1017 daAuts
     D:4: 867 daAuts
     D:1: 733 daAuts
 Ossuary: 578 daAuts
     D:5: 530 daAuts
